 Dungeon Crawl Stone Soup version 0.30-a0-39-g42789b21ef (webtiles) character file.

Game seed: 16779507884659566520

7 drugrobin the Sneak (level 1, -1/18 HPs)
             Began as a Demigod Delver on Aug 28, 2022.
             Slain by a jackal (2 damage)
             ... on level 1 of the Dungeon.
             The game lasted 00:02:36 (748 turns).

drugrobin the Sneak (Demigod Delver)                 Turns: 748, Time: 00:02:37

Health: -1/18      AC:  3    Str: 13    XL:     1   Next: 73%
Magic:  3/3        EV: 11    Int: 12    God:
Gold:   0          SH:  0    Dex: 15    Spells: 0/0 levels left

rFire   . . .      SeeInvis .    e - +0 quarterstaff
rCold   . . .      Faith    .    (shield currently unavailable)
rNeg    . . .      Spirit   .    b - +0 leather armour
rPois   .          Reflect  .    (no helmet)
rElec   .          Harm     .    (no cloak)
rCorr   .          Rampage  .    (no gloves)
Will    .....                    (no boots)
Stlth   +++.......               (no amulet)
HPRegen 0.06/turn                (no ring)
MPRegen 0.08/turn                (no ring)

@: no status effects
A: high MP 1, forlorn, divine attributes
a: no special abilities


You were on level 1 of the Dungeon.
You visited 1 branch of the dungeon, and saw 5 of its levels.

Inventory:

Hand Weapons
 a - a +0 short sword
 e - a +0 quarterstaff (weapon)
Missiles
 l - 5 stones (quivered)
Armour
 b - a +0 leather armour (worn)
 i - a +0 chain mail
Jewellery
 j - a ring of fire
Wands
 g - a wand of digging (9)
Scrolls
 c - a scroll of fog
 d - a scroll of magic mapping
Potions
 k - a potion of heal wounds {unknown}


   Skills:
 - Level 2.6 Fighting
 + Level 2.4 Short Blades
 - Level 1.7 Dodging
 - Level 4.5 Stealth


You couldn't memorise any spells.
You didn't know any spells.
Your spell library was empty.

Dungeon Overview and Level Annotations

Branches:
Dungeon (5/15)
 Temple: D:4-7


Innate Abilities, Weirdness & Mutations

You have an increased reservoir of magic. (+10% MP)
You shall have no god before yourself.
Your divine heritage dramatically boosts your attributes as you level up.


Message History

The bat attacks as you move away! The bat barely misses you.
Found 3 stones.
The bat hits you. The kobold hits you but does no damage.
The jackal barks!
Unknown command.
The jackal barks! x2
The bat misses you. The bat hits you but does no damage. The jackal bites you.
The bat hits you.
The jackal bites you but does no damage.
The jackal bites you. The bat misses you. The bat barely misses you. x2
The jackal bites you but does no damage.
The jackal closely misses you.
The jackal bites you but does no damage.
Unknown command.
The bat closely misses you. The bat hits you.
The jackal bites you but does no damage.
The bat closely misses you. The jackal completely misses you.
Unknown command.
Unknown command.
The bat hits you. The bat closely misses you. The bat barely misses you.
As you read the scroll labelled MIFOPA XEPYZOFA, it crumbles to dust.
It is a scroll of amnesia.
You feel forgetful for a moment. The bat completely misses you.
The bat barely misses you.
The jackal bites you but does no damage.
Unknown command.
Unknown command.
The air fills with toxic fumes!
As you read the scroll labelled GIOBAIPEUC, it crumbles to dust.
It was a scroll of poison.
The bat barely misses you. The bat completely misses you.
The bat hits you but does no damage. x2
The jackal closely misses you. The bat hits you but does no damage.
The gnoll hits you from afar with a +0 spear!
* * * LOW HITPOINT WARNING * * *
Unknown command.
Unknown command.
You barely miss the jackal. The bat misses you.
The bat hits you but does no damage. The bat barely misses you.
The jackal bites you.
You die...

###########
#§§§§§§§§§# ##
#§§§§h§§§§# ..
#§§§gh§§§§# #.
###§§§Kh@§#
#.####§§§§h§bb§§#
#.....§#§§§§§b§§§#
#...####§§§§§§§§§#
##..####§§§§§§§§§#
##.$>.#§§§§§§§§§#
#.##.#§§§§§§§§§#
#.. .§§§§§§§§§##
#.. $........


You could see a gnoll, 4 jackals, 3 bats and a kobold.

Vanquished Creatures
  A dart slug (D:2)
  A giant cockroach (D:2)
  A hobgoblin (D:2)
  A quokka (D:4)
  A ball python (D:2)
5 creatures vanquished.

Notes
Turn   | Place    | Note
-------+----------+-------------------------------------------
     0 | D:5      | drugrobin the Demigod Delver began the quest for the Orb.
     0 | D:5      | Reached XP level 1. HP: 18/18 MP: 3/3
    74 | D:4      | Noticed an iguana
   375 | D:4      | Noticed a hound
   748 | D:1      | Slain by a jackal

Illustrated notes

Levels and vault maps discovered:
D:1:      shiori_arrival_maze, layout_rooms
D:2:      layout_basic, shapermc_ecumenical_altar_ellora, grunt_decor_junction,
          chequers_serial_rivers_room_b, chequers_serial_rivers_small_b,
          uniq_terence
D:3:      layout_basic, serial_shops, nicolae_square_shop
D:4:      layout_rooms, gammafunk_temple_overflow_wave, elyvilon_altar_3,
          lemuel_round_altar, minmay_temple_entry_overgrown, uniq_pikel,
          uniq_menkaure, uniq_crazy_yiuf_cottage
D:5:      layout_gridville, serial_glass, glass_columns_b, glass_columns_b

Skill      XL: |  1 |
---------------+----+-----
Short Blades   | 2 |  2.4
Fighting       | |  2.6
Dodging        | |  1.7
Stealth        | |  4.5

Action                   || total
-------------------------++-------
Melee: Short sword       ||    10
       Quarterstaff      ||     9
  Use: Scroll            ||     3
       Potion            ||     1
Armor: Leather armour    ||    23
Dodge: Dodged            ||    43

Table legend: (Time is in decaauts)
 A = Elapsed time spent in this place.
 B = Non-inter-level travel time spent in this place.
 C = Inter-level travel time spent in this place.
 D = Time resting spent in this place.
 E = Time spent auto-exploring this place.
 F = Levels seen in this place.
 G = Mean time per level.
                   A        B        C        D        E       F      G
               +--------+--------+--------+--------+--------+-----+--------+
         Total |    737 |    737 |      0 |    412 |      0 |   5 |  147.4 |
       Dungeon |    737 |    737 |      0 |    412 |      0 |   5 |  147.4 |
               +--------+--------+--------+--------+--------+-----+--------+

Top non-repeatable levels by time:
     D:2: 300 daAuts
     D:4: 269 daAuts
     D:5: 128 daAuts
     D:3: 20 daAuts
     D:1: 18 daAuts
